 Dungeon Crawl Stone Soup version 0.31-a0-1110-gab2881137f (webtiles) character file.

Game seed: 18263699941522350571

58209 ChronoRanger the Slayer (level 14, 0/142 (152) HPs)
             Began as a Minotaur Fighter on Dec 3, 2023.
             Was the Champion of Okawaru.
             Slain by an orc warlord
             ... wielding a +3 glaive
              (8 damage)
             ... on level 2 of the Orcish Mines.
             The game lasted 00:57:06 (21455 turns).

ChronoRanger the Slayer (Minotaur Fighter)         Turns: 21455, Time: 00:57:07

HP:   0/142 (152)   AC: 28    Str: 25    XL:     14   Next: 48%
MP:   1/13          EV: 10    Int:  5    God:    Okawaru [******]
Gold: 860           SH:  6    Dex: 11    Spells: 13/13 levels left

rFire   + . .        u - +5 morningstar of the Desert {holy, Will+}
rCold   . . .        c - +1 buckler
rNeg    . . .        h - +3 plate armour {rPois}
rPois   +            y - +2 hat
rElec   +            W - +0 cloak
rCorr   .            i - +1 pair of gloves {infuse}
SInv    +            j - +2 pair of boots
Will    +++..        Q - amulet of regeneration Stlth
                     z - ring of protection from fire
HPRegen 1.23/turn    B - ring "Ynanapn" {rElec Will+ SInv}
MPRegen 0.13/turn

%: infuse magic (1 MP)
@: about to teleport, spiked, drained
A: horns 2, retaliatory headbutt
a: Renounce Religion, Heroism, Finesse, Duel, Receive Armour


You were on level 2 of the Orcish Mines.
You worshipped Okawaru.
Okawaru was exalted by your worship.
You visited 4 branches of the dungeon, and saw 19 of its levels.
You also visited: Sewer.

You collected 1797 gold pieces.
You spent 937 gold pieces at shops.

Inventory:

Hand Weapons
 u - the +5 morningstar of the Desert (weapon) {holy, Will+}
   (Okawaru gifted it to you on level 3 of the Lair of Beasts)

   Will+:     It increases your willpower.
 J - the +11 mace of Plague {venom, rElec Will+ Dex+2 SInv}
   (You found it on level 1 of the Lair of Beasts)

   Dex+2:     It affects your dexterity (+2).
   rElec:     It insulates you from electricity.
   Will+:     It increases your willpower.
   SInv:      It lets you see invisible.
Missiles
 b - 23 poisoned darts
 m - a throwing net
 C - a silver javelin
 H - 5 curare-tipped darts
 P - 9 atropa-tipped darts
 S - 2 datura-tipped darts
 V - 2 darts of dispersal
Armour
 c - a +1 buckler (worn)
 h - a +3 plate armour of poison resistance (worn)
 i - a +1 pair of gloves of infusion (worn)
 j - a +2 pair of boots (worn)
 q - a +0 plate armour
 y - a +2 hat (worn)
 W - a +0 cloak (worn)
Jewellery
 g - a ring of poison resistance
 t - a ring of protection from cold
 w - a ring of positive energy
 z - a ring of protection from fire (left hand)
 B - the ring "Ynanapn" (right hand) {rElec Will+ SInv}
   (You found it on level 8 of the Dungeon)

   [ring of willpower]

   rElec:     It insulates you from electricity.
   Will+:     It increases your willpower.
   SInv:      It lets you see invisible.
 M - a ring of willpower
 O - a ring of resist corrosion
 Q - an amulet of regeneration (around neck)
 X - an amulet of reflection
Wands
 o - a wand of mindburst (2)
 v - a wand of digging (13)
 E - a wand of iceblast (11)
 F - a wand of paralysis (24)
 K - a wand of flame (13)
Scrolls
 d - 11 scrolls of teleportation
 e - 2 scrolls of blinking
 f - 3 scrolls of immolation
 n - 2 scrolls of poison
 s - 3 scrolls of fear
 D - 2 scrolls of enchant armour
 G - 5 scrolls of enchant weapon
 I - 3 scrolls of fog
Potions
 k - 2 potions of curing
 l - 3 potions of haste
 p - 4 potions of enlightenment
 r - a potion of resistance
 x - 2 potions of mutation
 A - 2 potions of might
 L - a potion of berserk rage
 N - a potion of cancellation
 T - 2 potions of invisibility


   Skills:
 + Level 21.9 Fighting
 - Level 14.0 Maces & Flails
 + Level 12.0 Armour
 - Level 10.0 Dodging
 - Level 5.0 Shields


You had 13 spell levels left.
You didn't know any spells.
Your spell library contained the following spells:

 Spells                   Type           Power      Damage    Failure   Level
 Apportation              Tloc           0%         N/A       99%         1
 Kiss of Death            Conj/Necr      0%         2d5       99%         1
 Magic Dart               Conj           0%         1d3       99%         1
 Necrotise                Necr           0%         1d4       99%         1
 Slow                     Hex            0%         N/A       99%         1
 Blink                    Tloc           0%         N/A       100%        2
 Lesser Beckoning         Tloc           0%         N/A       100%        2
 Momentum Strike          Conj/Tloc      0%         3d8       100%        2
 Searing Ray              Conj           0%         2d4       100%        2
 Sublimation of Blood     Necr           0%         N/A       100%        2
 Confusing Touch          Hex            0%         N/A       100%        3
 Gell's Gravitas          Tloc           0%         N/A       100%        3
 Mephitic Cloud           Conj/Pois/Air  0%         N/A       100%        3
 Ozocubu's Armour         Ice            0%         N/A       100%        3
 Sigil of Binding         Hex            0%         N/A       100%        3
 Teleport Other           Tloc           0%         N/A       100%        3
 Vampiric Draining        Necr           0%         2d6       100%        3
 Dimensional Bullseye     Hex/Tloc       0%         N/A       100%        4
 Dispel Undead            Necr           0%         3d6       100%        4
 Fulminant Prism          Conj/Hex       0%         3d5       100%        4
 Iskenderun's Mystic Bla  Conj/Tloc      0%         2d3       100%        4
 Petrify                  Tmut/Erth      0%         N/A       100%        4
 Vhi's Electric Charge    Tloc/Air       0%         N/A       100%        4
 Arcjolt                  Conj/Air       0%         1d10      100%        5
 Irradiate                Conj/Tmut      0%         3d11      100%        5
 Plasma Beam              Fire/Air       0%         2x1d10    100%        6
 Ozocubu's Refrigeration  Ice            0%         4d7       100%        7
 Summon Small Mammal      Summ           Unusable   N/A       N/A         1
 Call Imp                 Summ           Unusable   N/A       N/A         2
 Tukima's Dance           Hex            Unusable   N/A       N/A         3

Dungeon Overview and Level Annotations

Branches:
Dungeon (12/15)            Temple (1/1) D:4            Lair (4/5) D:9
  Swamp (0/4) Lair:3       Spider (0/4) Lair:3        Slime (0/5) Lair:4
    Orc (2/2) D:12          Sewer (visited)
    Elf: Orc:2

Altars:
Ashenzari
Cheibriados
Dithmenos
Elyvilon
Fedhas
Gozag
Hepliaklqana
Kikubaaqudgha
Makhleb
Nemelex Xobeh
Okawaru
Qazlal
Ru
Sif Muna
Trog
Uskayaw
Vehumet
Wu Jian
Xom
Yredelemnul
Zin
The Shining One
Jiyva

Shops:
D:2 [   D:3 ?=   D:6 [[[**   Orc:1 (   Orc:2 [

Annotations:
Orc:1 1 transporter


Innate Abilities, Weirdness & Mutations

You have a pair of horns on your head.
You reflexively headbutt those who attack you in melee.


Message History

* * * LOW HITPOINT WARNING * * *
The orc sorcerer hits you but does no damage.
The orange demon stings you but does no damage.
The red devil hits you from afar with a +0 demon trident!
* * * LOW HITPOINT WARNING * * *
Barbed spikes become lodged in your body.
You closely miss the orc sorcerer.
The orc sorcerer is severely wounded.
The orc high priest hits you with a +0 long sword.
* * * LOW HITPOINT WARNING * * *
The orc warlord hits you with a +3 glaive!
* * * LOW HITPOINT WARNING * * *
The orc sorcerer mumbles some strange words.
You block the orange demon's attack. The red devil closely misses you.
You hit the orc sorcerer but do no damage.
The orc sorcerer is severely wounded.
The orc sorcerer no longer looks unusually strong.
The orc sorcerer hits you but does no damage.
The orc high priest closely misses you.
The orc warlord hits you with a +3 glaive!
* * * LOW HITPOINT WARNING * * *
The orange demon completely misses you.
The red devil hits you from afar with a +0 demon trident!
* * * LOW HITPOINT WARNING * * *
Barbed spikes become lodged in your body.
You feel better.
The sun demon hits you but does no damage.
You block the orc high priest's attack.
The orc warlord roars a battlecry!
The orc sorcerer goes into a battle-frenzy!
You block the orc sorcerer's attack. The orange demon stings you from afar.
* * * LOW HITPOINT WARNING * * *
The red devil hits you but does no damage.
You feel better. You block the rust devil's attack. The sun demon hits you!
* * * LOW HITPOINT WARNING * * *
You are engulfed in flames!
You resist.
* * * LOW HITPOINT WARNING * * *
The orc high priest misses you.
The orc warlord hits you with a +3 glaive!
You die...

##................. .
#..................
.. ##.#..###..#....
... ##...##........
.#.. #...#.#.....
o.... ###.#......#.
......###4#..........
.........3o))........
........4o@4.........
......#.##o#4....##..
...#.#####.......# ..
## #.....)...# .
##.##....##
#...#...## #.......#
#..##..## .......#


You could see an orc warlord, an orc high priest (strong), a sun demon
(summoned), an orange demon (summoned), a rust devil (summoned), a chaos spawn
(summoned), an orc sorcerer (strong) and a red devil (summoned).

Vanquished Creatures
  Josephine (Orc:1)
  Erolcha (Orc:1)
  A centaur warrior (D:11)
  5 hydras
  2 catoblepae (Lair:3)
  2 boulder beetles
  3 two-headed ogres
  A tengu warrior (D:11)
  Nergalle (Orc:1)
  A goliath frog (Lair:3)
  A skyshark (Lair:4)
  3 orc knights
  An ugly thing (D:12)
  3 oklob plants
  A cyclops (Orc:1)
  3 orc sorcerers (Orc:1)
  4 elephants
  Maurice (D:10)
  3 manticores (D:11)
  5 black mambas
  2 kobold blastminers (Orc:2)
  Joseph (D:8)
  A torpor snail (Lair:3)
  2 unseen horrors
  2 rime drakes
  13 cane toads
  7 komodo dragons
  4 trolls
  A queen bee (Lair:2)
  3 polar bears
  5 hornets
  22 blink frogs
  6 slime creatures
  2 culicivoras (Lair:3)
  A shadow (D:10)
  8 wraiths
  15 wyverns
  3 vampires
  56 yaks
  4 vampire mosquitoes
  11 basilisks
  4 steam dragons
  3 wargs
  An acid dragon (D:10)
  12 water moccasins
  An ice beast (D:8)
  11 orc warriors
  3 black bears
  2 ogres (Orc:2)
  11 wolves
  A phantom (D:6)
  A gnoll sergeant (D:11)
  6 bullfrogs
  38 killer bees
  3 electric eels (Lair:3)
  2 jellies (Sewer)
  12 orc priests
  3 hounds
  4 gnoll boudas
  4 iguanas
  Terence (D:3)
  13 orc wizards
  15 gnolls
  8 adders
  5 river rats
  A shadow imp (D:7)
  3 dart slugs
  50 orcs
  A bat (D:3)
  9 endoplasms
  7 giant cockroaches
  9 goblins
  12 hobgoblins
  10 jackals
  7 kobolds
  A quokka (D:4)
  5 ball pythons
  6 frilled lizards
  10 rats
507 creatures vanquished.

Vanquished Creatures (others)
  An orc wizard (D:11)
1 creature vanquished.

Grand Total: 508 creatures vanquished

Notes
Turn   | Place    | Note
-------+----------+-------------------------------------------
     0 | D:1      | ChronoRanger the Minotaur Fighter began the quest for the
                  | Orb.
     0 | D:1      | Reached XP level 1. HP: 19/19 MP: 0/0
   125 | D:1      | Reached XP level 2. HP: 27/27 MP: 1/1
   260 | D:1      | Reached skill level 4 in Fighting
   271 | D:1      | Reached XP level 3. HP: 33/33 MP: 2/2
  1056 | D:2      | Reached XP level 4. HP: 40/40 MP: 3/3
  1313 | D:2      | Found an ancient bone altar of Kikubaaqudgha.
  1480 | D:2      | Found Vuitu's Antique Armour Shoppe.
  1791 | D:3      | Found Qirph's One-of-a-Kind Rings.
  1857 | D:3      | Reached XP level 5. HP: 23/47 MP: 4/4
  2084 | D:3      | Found Mouseokup's Magic Scroll Shoppe.
  2110 | D:3      | Bought a scroll of teleportation for 36 gold pieces
  2110 | D:3      | Bought a scroll of identify for 24 gold pieces
  2326 | D:3      | Noticed Terence
  2335 | D:3      | Killed Terence
  2425 | D:3      | Reached skill level 5 in Maces & Flails
  2716 | D:3      | Bought a scroll of fear for 48 gold pieces
  2782 | D:4      | Found a glowing drain.
  2798 | Sewer    | Entered a sewer
  2928 | Sewer    | Reached XP level 6. HP: 44/55 MP: 5/5
  3032 | Sewer    | Reached skill level 5 in Armour
  3032 | Sewer    | Reached skill level 5 in Shields
  3033 | Sewer    | Found a viscous altar of Jiyva.
  3065 | Sewer    | Identified the +1 leather armour "Gifo" {Int+4}
  3158 | D:4      | Reached skill level 5 in Fighting
  3603 | D:4      | Found a staircase to the Ecumenical Temple.
  3616 | Temple   | Entered the Ecumenical Temple
  3650 | Temple   | Became a worshipper of Warmaster Okawaru
  3717 | D:5      | Entered Level 5 of the Dungeon
  3956 | D:5      | Reached XP level 7. HP: 53/61 MP: 6/6
  4313 | D:5      | Found a hide-covered altar of Uskayaw.
  4499 | D:6      | Found Upirirul's General Store.
  4681 | D:6      | Found Nese's Antique Armour Boutique.
  4779 | D:6      | Found Pomp's Armour Boutique.
  4932 | D:6      | Reached * piety under Okawaru
  4934 | D:6      | Reached skill level 6 in Fighting
  4973 | D:6      | Found a sacrificial altar of Ru.
  5012 | D:6      | Found Ximainut's Assorted Antiques.
  5050 | D:6      | Found Xacran's Armour Shoppe.
  5156 | D:6      | Reached XP level 8. HP: 67/71 MP: 7/7
  5203 | D:6      | Identified the +1 whip of Analysis {venom, *Slow rF- rCorr
                  | Str+6}
  5926 | D:7      | Reached ** piety under Okawaru
  5959 | D:7      | Reached skill level 7 in Fighting
  6148 | D:6      | Bought a +1 pair of gloves of infusion for 231 gold pieces
  6458 | D:8      | Identified the ring "Ynanapn" {rElec Will+ SInv}
  6556 | D:8      | Noticed Joseph
  6572 | D:8      | Killed Joseph
  6572 | D:8      | Reached *** piety under Okawaru
  6573 | D:8      | Reached skill level 10 in Maces & Flails
  6573 | D:8      | Reached XP level 9. HP: 66/80 MP: 0/8
  6780 | D:8      | Reached skill level 8 in Fighting
  7027 | D:8      | Found a shimmering altar of Xom.
  7137 | D:8      | Paralysed by a gnoll for 3 turns
  7180 | D:8      | Found a glowing golden altar of the Shining One.
  7254 | D:8      | Reached **** piety under Okawaru
  7311 | D:8      | Found a glowing silver altar of Zin.
  7311 | D:8      | Found a basalt altar of Yredelemnul.
  7617 | D:9      | Reached skill level 9 in Fighting
  7638 | D:9      | Reached XP level 10. HP: 70/91 MP: 0/9
  7645 | D:9      | Reached ***** piety under Okawaru
  7783 | D:9      | Received a gift from Okawaru
  8090 | D:9      | Reached skill level 10 in Armour
  8097 | D:9      | Reached skill level 10 in Fighting
  8261 | D:9      | Found a staircase to the Lair.
  8341 | D:9      | Identified the ring "Ceplehe" {rC+ rN+ Str-4 Int+5}
  8639 | D:9      | Found a shadowy altar of Dithmenos.
  8639 | D:9      | Found a stormy altar of Qazlal.
  8879 | Lair:1   | Entered Level 1 of the Lair of Beasts
  9094 | Lair:1   | Reached skill level 11 in Fighting
  9095 | Lair:1   | Received a gift from Okawaru
  9250 | Lair:1   | Noticed a cane toad
  9253 | Lair:1   | Killed a cane toad
  9341 | Lair:1   | Reached XP level 11. HP: 103/103 MP: 4/10
  9563 | Lair:1   | Reached skill level 12 in Fighting
  9598 | Lair:1   | Noticed an eight-headed hydra
  9606 | Lair:1   | Killed an eight-headed hydra
  9722 | Lair:1   | Noticed a five-headed hydra
  9727 | Lair:1   | Killed a five-headed hydra
  9728 | Lair:1   | Reached skill level 13 in Fighting
  9834 | Lair:1   | Identified the +11 mace of Plague {venom, rElec Will+ Dex+2
                  | SInv}
 10405 | Lair:2   | Noticed a four-headed hydra
 10413 | Lair:2   | Reached skill level 14 in Fighting
 10423 | Lair:1   | Killed a four-headed hydra
 10684 | Lair:1   | Reached skill level 15 in Fighting
 10777 | Lair:2   | Received a gift from Okawaru
 11217 | Lair:2   | Reached skill level 16 in Fighting
 11315 | Lair:2   | Reached XP level 12. HP: 83/122 MP: 1/11
 11627 | Lair:2   | Reached ****** piety under Okawaru
 11792 | Lair:2   | Noticed a boulder beetle
 12323 | Lair:2   | Reached skill level 17 in Fighting
 12602 | Lair:2   | Received a gift from Okawaru
 12626 | Lair:2   | Reached skill level 18 in Fighting
 12974 | Lair:2   | Killed a boulder beetle
 13345 | Lair:3   | Reached skill level 1 in Dodging
 13360 | Lair:3   | Received a gift from Okawaru
 13449 | Lair:3   | Reached skill level 19 in Fighting
 13600 | Lair:3   | Found a hole to the Spider Nest.
 13809 | Lair:3   | Noticed a catoblepas
 13919 | Lair:3   | Killed a catoblepas
 13996 | Lair:3   | Reached XP level 13. HP: 138/138 MP: 8/12
 14143 | Lair:3   | Reached skill level 5 in Dodging
 14469 | Lair:3   | Received a gift from Okawaru
 14647 | Lair:3   | Found a staircase to the Swamp.
 15098 | Lair:3   | Acquired the +5 morningstar of the Desert {holy, Will+}
 15098 | Lair:3   | Received a gift from Okawaru
 15198 | Lair:4   | Reached skill level 20 in Fighting
 15467 | Lair:4   | Identified the +3 spear of Anger {spect, Int+4}
 15526 | Lair:4   | Received a gift from Okawaru
 15795 | Lair:4   | Found a staircase to the Slime Pits.
 15846 | Lair:4   | Found a viscous altar of Jiyva.
 16732 | D:6      | Bought a glowing plate armour for 598 gold pieces
 16920 | D:10     | Entered Level 10 of the Dungeon
 17248 | D:10     | Received a gift from Okawaru
 17610 | D:10     | Noticed Maurice
 17621 | D:10     | Killed Maurice
 17758 | D:10     | Found a shimmering blue altar of Sif Muna.
 17760 | D:10     | Found a bloodstained altar of Trog.
 18310 | D:11     | Reached skill level 21 in Fighting
 18695 | D:11     | Found a glowing golden altar of the Shining One.
 18820 | D:11     | Reached XP level 14. HP: 151/151 MP: 6/13
 18893 | D:11     | Reached skill level 10 in Dodging
 19251 | D:11     | Identified the +4 scale mail "Ediodich" {rPois Regen+}
 19539 | D:12     | Received a gift from Okawaru
 19658 | D:12     | Found a staircase to the Orcish Mines.
 20046 | D:12     | Found a blossoming altar of Fedhas.
 20270 | Orc:1    | Entered Level 1 of the Orcish Mines
 20270 | Orc:1    | Noticed Erolcha
 20276 | Orc:1    | Killed Erolcha
 20402 | Orc:1    | Noticed Nergalle
 20411 | Orc:1    | Killed Nergalle
 20576 | Orc:1    | Found Feruemech's Weapon Emporium.
 20603 | Orc:1    | Noticed a stone giant
 20646 | Orc:1    | Noticed Josephine
 20674 | Orc:1    | Killed Josephine
 20801 | Orc:1    | Found a transporter.
 20966 | Orc:2    | Entered Level 2 of the Orcish Mines
 21148 | Orc:2    | Received a gift from Okawaru
 21279 | Orc:2    | Found Joujaari's Antique Armour Shoppe.
 21429 | Orc:2    | Noticed an orc warlord
 21455 | Orc:2    | Slain by an orc warlord

Illustrated notes

Levels and vault maps discovered:
D:1:      dpeg_arrival_solitude, layout_basic, minmay_indecisive_spiral
D:2:      layout_loops_ring, serial_shops, nicolae_shop_just_a_little_nook,
          basic_altar
D:3:      layout_loops_ring, serial_shops, shop_statue, nrook_uturn,
          grunt_ministairs_7, nicolae_shop_unique_rings, uniq_terence
D:4:      layout_basic, minmay_temple_entry_statues_pillars,
          portal_sewer_entry_d, serial_park_tiny_2
D:5:      layout_loops_ring, lemuel_crystal_altar, corner_web_ring
D:6:      layout_basic, marbit_many_paths, serial_shops, nicolae_shop_crystal,
          shop, nicolae_shop_tiny_waterfront, shop, kennysheep_mini_moat
D:7:      layout_basic
D:8:      layout_loops_ring, mainiacjoe_overflow_chevrons,
          brannock_xom_greatest_gift, nicolae_overflow_two_pavilions,
          uniq_joseph
D:9:      layout_basic, gammafunk_temple_overflow_pools, erik_lair_dragon,
          dreamdust_gnoll_shepherd
D:10:     layout_stronghold, hellmonk_overflow_destroyed_library, uniq_maurice
D:11:     minmay_ornate_pinched, layout_rooms, tso_altar
D:12:     layout_cave_pools, david_orc_3, tgw_fedhas
Temple:   minmay_temple_bridge_abc
Lair:1:   layout_layer_cave, minivault_19
Lair:2:   regret_index_combs_of_tragedy, layout_regular_city, grunt_megastairs_3
Lair:3:   layout_cave_pods, mainiacjoe_swamp_entry_lozenge_pond,
          hellmonk_spider_entry_life_and_decay, pdpol_lair_cavern_descent,
          serial_bayou_shore_a
Lair:4:   layout_cave_shapes, minmay_slime_entry_oklob_enclosed,
          grunt_megastairs_2, infiniplex_staircase_pool_2
Orc:1:    emtedronai_trogs_sanctum, layout_caves, serial_shops,
          nicolae_shop_peninsula, uniq_josephine, uniq_nergalle, uniq_erolcha
Orc:2:    grunt_orc_gardens, layout_caves, grunt_orc_garden, grunt_orc_garden,
          grunt_orc_garden, grunt_orc_garden, gammafunk_ghost_berserking_beasts,
          serial_shops, shop, uniq_snorg, uniq_sonja

Skill      XL: |  1  2  3  4  5  6  7  8  9 10 11 12 13 14 |
---------------+-------------------------------------------+-----
Maces & Flails | 3 4 5 6 8 10 12 14 | 14.0
Fighting       | 4 5 6 7 9 11 16 19 21 | 21.9
Armour         | 4 5 6 7 9 10 12 | 12.0
Shields        | 4 5 |  5.0
Dodging        | 4 9 10 | 10.0

Action                     |  1- 3 |  4- 6 |  7- 9 | 10-12 | 13-15 || total
---------------------------+-------+-------+-------+-------+-------++-------
  Melee: Flail             |    81 |   162 |   271 |   161 |       ||   675
         Headbutt          |    18 |    29 |    51 |   126 |   146 ||   370
         Mace              |       |       |       |   330 |    68 ||   398
         Morningstar       |       |       |       |       |   537 ||   537
 Invoke: Heroism           |       |       |     1 |     2 |     3 ||     6
         Receive Weapon    |       |       |       |       |     1 ||     1
    Use: Potion            |       |     1 |     1 |     2 |     5 ||     9
         Scroll            |       |     6 |     7 |     4 |     7 ||    24
 Armour: Scale mail        |    42 |       |       |       |       ||    42
         Chain mail        |       |   164 |   199 |   207 |       ||   570
         Plate armour      |       |       |       |   166 |   624 ||   790
  Dodge: Dodged            |    34 |   109 |   104 |   196 |   247 ||   690
  Block: Buckler           |    17 |    50 |    69 |    86 |   164 ||   386

Table legend: (Time is in decaauts)
 A = Elapsed time spent in this place.
 B = Non-inter-level travel time spent in this place.
 C = Inter-level travel time spent in this place.
 D = Time resting spent in this place.
 E = Time spent auto-exploring this place.
 F = Levels seen in this place.
 G = Mean time per level.
                   A        B        C        D        E       F      G
               +--------+--------+--------+--------+--------+-----+--------+
         Total |  21339 |  19657 |   1682 |   3548 |   9174 |  20 | 1066.9 |
       Dungeon |  12471 |  11141 |   1330 |   1401 |   4906 |  12 | 1039.2 |
        Temple |     54 |     35 |     19 |      0 |      0 |   1 |   54.0 |
          Lair |   7284 |   6986 |    298 |   1704 |   3764 |   4 | 1821.0 |
  Orcish Mines |   1166 |   1132 |     34 |    391 |    411 |   2 |  583.0 |
         Sewer |    363 |    363 |      0 |     52 |     91 |   1 |  363.0 |
               +--------+--------+--------+--------+--------+-----+--------+

Top non-repeatable levels by time:
  Lair:2: 2059 daAuts
  Lair:1: 2022 daAuts
  Lair:3: 1936 daAuts
     D:9: 1706 daAuts
    D:10: 1317 daAuts
  Lair:4: 1265 daAuts
    D:11: 1188 daAuts
     D:8: 1176 daAuts
     D:6: 1163 daAuts
     D:3: 1152 daAuts
     D:7: 976 daAuts
     D:1: 938 daAuts
   Orc:1: 845 daAuts
    D:12: 804 daAuts
     D:5: 749 daAuts
